Map: Ephemeron LE

Players

llllllllllll - Winner!

  • Race: Terran Terran
  • Spawn Location: 11:00

Cuddlebear

  • Race: Protoss Protoss
  • League: Master
  • Spawn Location: 5:00

VOD

Have the link to the VOD?

Description

Time

  • Played on: Dec. 21, 2019, 1:30 p.m.
  • Length: 12:30
Show
View Real Time Build Order
Export as new Build Order

llllllllllll Terran - Winner!

Build Orders: Gas First Reaper Expand, Mech, Banshee Rush 

Get SALT Encoding   

  12  0:00  SCV  
  13  0:12  SCV  
  14  0:17  Supply Depot  
  14  0:24  SCV  
  14  0:27  Refinery  
  15  0:39  SCV  
  16  0:44  Barracks  
  16  0:51  SCV  
  17  1:05  SCV  
  18  1:18  SCV  
  19  1:34  Orbital Command, Reaper  
  20  1:51  Command Center  
  20  2:03  Factory  
  20  2:07  SCV  
  21  2:11  Barracks Reactor  
  21  2:16  Refinery  
  21  2:19  SCV  
  22  2:24  Supply Depot  
  22  2:31  SCV  
  23  2:46  SCV  
  23  2:51  Starport  
  24  2:58  SCV, Hellion x2  
  29  3:02  Barracks Tech Lab  
  29  3:06  Orbital Command  
  29  3:10  SCV  
  30  3:23  SCV  
  31  3:27  Hellion  
  31  3:28  Hellion  
  34  3:35  SCV x2  
  34  3:38  Cloaking Field  
  34  3:40  Banshee  
  39  3:45  Supply Depot  
  39  3:47  SCV  
  40  3:53  SCV  
  40  3:54  Marine  
  42  3:56  Marine  
  42  3:59  Factory Tech Lab, SCV  
  44  4:06  Supply Depot  
  44  4:07  SCV  
  45  4:11  SCV  
  45  4:14  Marine x2  
  48  4:19  SCV  
  47  4:28  Command Center  
  47  4:30  Siege Tank  
  50  4:36  Banshee  
  53  4:41  Refinery  
  53  4:42  Refinery  
  53  4:46  Supply Depot, SCV x2  
  55  4:53  Marine x2  
  55  5:10  SCV  
  56  5:16  Factory  
  56  5:17  SCV  
  56  5:18  Factory, Supply Depot  
  57  5:22  SCV  
  57  5:26  Marine x2  
  57  5:27  Siege Tank  
  62  5:36  SCV x2  
  62  5:39  Supply Depot  
  64  5:47  Orbital Command  
  64  5:48  SCV  
  62  5:50  Factory  
  62  5:51  Factory  
  62  5:54  SCV  
  63  6:01  Siege Tank  
  63  6:02  Mag-Field Accelerator  
  63  6:06  Supply Depot, Armory  
  63  6:08  SCV x2  
  65  6:17  Cyclone  
  65  6:18  Hellion x2  
  72  6:24  Orbital Command  
  72  6:25  SCV x2  
  74  6:36  Factory Tech Lab, Factory Reactor  
  74  6:37  SCV  
  75  6:42  Widow Mine x2  
  75  6:43  Cyclone  
  75  6:45  SCV  
  83  6:48  Supply Depot  
  83  6:49  Cyclone, SCV  
  83  6:50  Supply Depot, SCV  
  88  6:57  SCV  
  88  6:58  Drilling Claws  
  88  6:59  Terran Vehicle And Ship Armor Level 1  
  90  7:01  SCV  
  90  7:02  SCV  
  91  7:09  SCV  
  91  7:10  Engineering Bay, Cyclone  
  91  7:12  Supply Depot  
  91  7:13  SCV  
  91  7:14  Engineering Bay  
  91  7:15  SCV  
  96  7:21  SCV  
  94  7:23  Cyclone  
  94  7:25  Command Center, SCV  
  94  7:27  SCV  
  99  7:31  Refinery  
  99  7:33  Widow Mine, Cyclone, SCV  
  99  7:34  Widow Mine x2  
  99  7:37  SCV, Refinery, Widow Mine  
  109  7:42  SCV  
  113  7:46  Cyclone  
  113  7:49  SCV  
  113  7:51  SCV  
  118  7:54  SCV  
  118  7:58  Cyclone  
  122  7:59  Widow Mine  
  122  8:01  Supply Depot  
  122  8:02  Supply Depot  
  122  8:03  Supply Depot  
  122  8:04  Supply Depot  
  122  8:05  Cyclone  
  123  8:19  Cyclone  
  120  8:21  SCV  
  120  8:23  Widow Mine x2  
  120  8:24  SCV x2, Widow Mine x2  
  131  8:30  Cyclone  
  131  8:33  Missile Turret  
  134  8:34  Missile Turret  
  134  8:35  Missile Turret, Supply Depot  
  134  8:37  Cyclone  
  137  8:41  SCV  
  137  8:43  SCV  
  137  8:46  Widow Mine  
  137  8:47  Widow Mine  
  143  8:51  Cyclone  
  143  8:52  Widow Mine x2  
  143  8:54  Supply Depot  
  151  8:55  SCV x2  
  151  8:56  SCV  
  150  9:06  Cyclone  
  150  9:07  SCV  
  150  9:08  Orbital Command  
  150  9:09  Refinery  
  154  9:12  Refinery  
  154  9:18  Cyclone  
  154  9:23  Factory x2  
  157  9:24  Factory  
  157  9:30  Cyclone  
  138  9:38  Cyclone  
  138  9:45  Widow Mine x3  
  134  9:50  Cyclone, SCV x2  
  134  9:51  SCV x2  
  136  9:55  Supply Depot  
  136  9:56  Command Center  
  136  9:58  Starport Reactor  
  133  10:02  SCV, Widow Mine  
  133  10:03  Cyclone  
  133  10:07  Neosteel Armor, Widow Mine x2  
  140  10:09  Factory Tech Lab x2  
  140  10:10  Factory Tech Lab, Cyclone  
  143  10:15  Command Center, Widow Mine  
  143  10:17  SCV x2  
  147  10:22  Cyclone  
  147  10:23  Widow Mine  
  150  10:35  Cyclone  
  147  10:41  Cyclone x2  
  147  10:42  Widow Mine x2  
  157  10:43  Widow Mine x3  
  157  10:44  SCV x2  
  162  10:54  Cyclone  
  162  10:56  Widow Mine  
  164  11:03  Widow Mine x2  
  156  11:04  Cyclone x2  
  156  11:06  Infernal Pre-Igniter  
  156  11:07  Smart Servos, Cyclone  
  156  11:08  Command Center  
  156  11:10  Widow Mine  
  167  11:13  Cyclone x2  
  170  11:31  Cyclone  
  170  11:32  SCV x2, Widow Mine x4  
  182  11:33  SCV x2  
  182  11:36  Cyclone  
  182  11:37  Widow Mine  
  182  11:39  Widow Mine  
  190  11:44  SCV x2  
  175  11:48  Cyclone x2  
  175  11:53  Widow Mine x2  
  175  11:54  Widow Mine x2  
  180  11:56  SCV x3  
  180  11:57  SCV  
  180  11:58  Cyclone  
  187  12:03  Widow Mine  
  182  12:09  Widow Mine  
Show
View Real Time Build Order
Export as new Build Order

Cuddlebear Protoss 

Build Orders: 1 Gate Expand, Blink Stalkers 

Get SALT Encoding   

  12  0:01  Probe  
  13  0:13  Probe  
  14  0:20  Pylon  
  14  0:25  Probe  
  15  0:40  Gateway, Probe  
  16  0:46  Assimilator  
  16  0:53  Probe  
  17  1:05  Probe  
  18  1:17  Probe  
  19  1:26  Nexus  
  19  1:30  Probe  
  20  1:40  Cybernetics Core  
  20  1:46  Probe (Chrono Boost)  
  21  1:56  Pylon  
  21  1:58  Probe (Chrono Boost)  
  22  2:03  Assimilator  
  22  2:06  Probe (Chrono Boost)  
  23  2:13  Probe  
  23  2:14  Adept (Chrono Boost)  
  24  2:18  Warp Gate  
  26  2:27  Twilight Council  
  26  2:29  Probe  
  27  2:38  Stalker (Chrono Boost)  
  28  2:49  Probe  
  29  2:51  Probe  
  30  3:01  Probe  
  30  3:03  Probe  
  32  3:13  Stalker, Probe  
  32  3:16  Probe  
  36  3:28  Probe (Chrono Boost)  
  36  3:29  Blink (Chrono Boost), Probe (Chrono Boost)  
  37  3:39  Probe (Chrono Boost)  
  37  3:41  Probe (Chrono Boost)  
  39  3:47  Probe  
  40  3:50  Nexus  
  40  3:53  Probe  
  41  3:59  Probe  
  42  4:06  Shield Battery  
  42  4:08  Pylon  
  42  4:11  Pylon  
  42  4:14  Stalker  
  42  4:16  Probe  
  45  4:19  Probe  
  46  4:26  Pylon  
  46  4:29  Pylon, Probe, Robotics Facility  
  47  4:34  Gateway  
  47  4:36  Gateway  
  47  4:41  Sentry  
  47  4:42  Probe  
  50  4:45  Shield Battery  
  50  4:46  Pylon  
  50  4:49  Pylon  
  46  5:12  Shield Battery  
  45  5:16  Shield Battery, Observer (Chrono Boost)  
  45  5:20  Stalker  
  45  5:22  Probe x2  
  45  5:24  Probe  
  45  5:26  Charge  
  45  5:34  Probe (Chrono Boost)  
  45  5:35  Observer (Chrono Boost)  
  47  5:36  Probe (Chrono Boost)  
  47  5:38  Probe (Chrono Boost)  
  47  5:46  Probe (Chrono Boost)  
  47  5:48  Probe (Chrono Boost)  
  47  5:49  Sentry  
  51  5:50  Probe (Chrono Boost)  
  51  5:55  Probe x2 (Chrono Boost)  
  51  5:56  Probe (Chrono Boost)  
  53  6:00  Probe  
  53  6:02  Probe  
  56  6:04  Probe  
  57  6:12  Probe  
  57  6:14  Probe  
  57  6:16  Probe  
  60  6:21  Immortal (Chrono Boost)  
  65  6:27  Probe (Chrono Boost)  
  65  6:28  Probe x2 (Chrono Boost)  
  65  6:35  Assimilator  
  65  6:38  Probe (Chrono Boost)  
  65  6:39  Probe (Chrono Boost)  
  68  6:41  Probe (Chrono Boost)  
  68  6:42  Probe (Chrono Boost)  
  68  6:44  Stalker x2, Probe (Chrono Boost), Observer  
  68  6:45  Stalker  
  76  6:49  Probe  
  76  6:52  Probe  
  78  6:55  Probe  
  78  7:01  Probe  
  80  7:05  Probe  
  80  7:07  Probe  
  82  7:12  Nexus  
  82  7:13  Probe  
  82  7:14  Pylon  
  83  7:17  Probe  
  83  7:19  Probe  
  85  7:23  Stalker x3  
  93  7:30  Stargate  
  93  7:31  Stargate  
  93  7:32  Immortal  
  93  7:34  Assimilator  
  93  7:36  Pylon  
  95  7:40  Pylon  
  95  7:43  Assimilator  
  95  7:44  Assimilator  
  95  7:50  Probe x2 (Chrono Boost)  
  97  7:51  Robotics Bay  
  97  7:57  Probe (Chrono Boost)  
  98  8:03  Probe (Chrono Boost)  
  98  8:04  Forge  
  91  8:19  Probe  
  85  8:20  Probe  
  85  8:21  Stalker x3  
  85  8:23  Probe  
  92  8:28  Immortal  
  92  8:29  Probe  
  92  8:31  Phoenix x2 (Chrono Boost)  
  101  8:35  Probe  
  101  8:36  Probe  
  101  8:39  Assimilator  
  103  8:42  Gateway, Probe  
  103  8:44  Gateway x2, Assimilator  
  103  8:45  Gateway  
  103  8:46  Observer  
  103  8:47  Gateway  
  103  8:48  Protoss Ground Weapons Level 1  
  104  8:50  Photon Cannon  
  104  8:52  Probe  
  105  8:56  Phoenix x2  
  105  8:58  Probe x2  
  110  9:06  Probe x2  
  112  9:13  Probe  
  112  9:14  Zealot x3  
  112  9:15  Probe  
  90  9:31  Disruptor (Chrono Boost)  
  90  9:36  Zealot x3  
  90  9:37  Probe x2  
  90  9:38  Zealot x2  
  101  9:42  Zealot  
  101  9:43  Zealot x2  
  101  9:48  Probe, Cybernetics Core  
  101  9:49  Observer  
  101  9:51  Phoenix x2  
  103  9:52  Probe  
  103  9:53  Probe x2  
  103  9:58  Photon Cannon  
  105  10:00  Disruptor, Probe  
  105  10:05  Probe x3  
  112  10:12  Probe  
  113  10:17  Zealot x2, Probe  
  113  10:18  Fleet Beacon  
  99  10:30  Zealot  
  99  10:32  Zealot x5  
  108  10:36  Disruptor, Probe x2  
  108  10:37  Probe  
  114  10:43  Phoenix (Chrono Boost)  
  114  10:48  Probe  
  117  10:51  Phoenix (Chrono Boost), Probe  
  117  11:02  Nexus  
  117  11:13  Probe  
  117  11:14  Pylon  
  117  11:15  Pylon x2, Observer  
  115  11:21  Zealot  
  117  11:30  Disruptor (Chrono Boost)  
  117  11:31  Pylon  
  116  11:33  Zealot x7, Pylon  
  113  11:54  Zealot x7  
  102  11:55  Probe x2  
  102  11:56  Phoenix x2 (Chrono Boost)  
  105  12:09  Probe x3  
  108  12:15  Zealot  
  108  12:16  Zealot  
  108  12:17  Zealot  
  98  12:26  Zealot x4  
Tags
 
Add a new tag
Caveats
  • Supply blocks, unpowered buildings, or Contaminate may cause inaccurate times.
  • Supply counts are checked every 10 seconds.